Cogmind - Beta 12 @@@ ROGUE MODE // 2023.09.27 @ 17:57:06 Player: Zirov Result: Self-destructed Performance ------------- Evolutions (5) 2500 Regions Visited (14) 2800 Robots Destroyed (88) 440 Value Destroyed (2415) 2415 Prototype IDs (48) 960 Alien Tech Used (0) 0 Bonus (685) 685 TOTAL SCORE: 9800 Bonus ------- High Alert Combat Kills 15 Follower Combat Kills 70 Aligned with FarCom 300 Met Data Miner 300 Cogmind --------- Core Integrity 746/1000 Matter 300/300 Energy 150/150 System Corruption 10% Temperature Cool (0) Movement Flying (172) Ox2 Location -5/Factory Parts ------- > --- POWER (2) -------- Micro Fission Core > --- PROPULSION (6) --- Improved VTOL Module (fused) Improved VTOL Module > --- UTILITY (7) ------ Large Storage Unit Advanced Visual Processing Unit Makeshift System Shield > --- WEAPON (2) ------- Lance Kinetic Spear > --- INVENTORY (15) --- Micro Fission Core Field Propulsion Drive Field Propulsion Drive Power Amplifier Energy Well (350) Improved Trap Scanner Advanced Terrain Scanner Advanced Salvage Targeting Computer Improved Reaction Control System Makeshift Cloaking Device Energy Mantle Advanced System Shield Trap Reconfigurator Peak State ------------ > --- POWER ------------ Micro Fission Core Micro Fission Core > --- PROPULSION ------- Improved VTOL Module Improved VTOL Module Makeshift Flight Unit Field Propulsion Drive Nuclear Pulse Array > --- UTILITY ---------- Improved Cooling System Large Storage Unit Advanced Weight Redist. System Advanced Visual Processing Unit Propulsion Shielding Makeshift Hacking Suite Makeshift System Shield > --- WEAPON ----------- Lance Kinetic Spear > --- INVENTORY -------- Field Propulsion Drive Field Propulsion Drive Power Amplifier Energy Well Improved Trap Scanner Advanced Terrain Scanner Advanced Salvage Targeting Computer Improved Reaction Control System Makeshift Cloaking Device Energy Mantle Advanced System Shield Trap Reconfigurator [Rating: 82] Favorites ----------- Power Enhanced Nuclear Core Engine Light Deuterium Engine Power Core Enhanced Nuclear Core Propulsion Improved VTOL Module Leg Aluminum Leg Wheel Wheel Flight Unit Improved VTOL Module Utility Medium Storage Unit Device Improved Terrain Scanner Storage Medium Storage Unit Processor Advanced Terrain Scan Processor Hackware Hacking Suite Protection Improved Propulsion Shielding Weapon Katana Ballistic Gun Assault Rifle Launcher Grenade Launcher Impact Weapon Power Maul Slashing Weapon Katana Piercing Weapon Lance Special Melee Weapon Datajack Build | -11 -10 -10 -10 -9 -8 -7 -6 -6 -6 -6 -5 -5 -5 -5 ------- Run | Jun Mat Min Exi Min Mat Fac Fac Low Low Dat Pro Fac Was Fac Slots Evolved 10 | . . . . . 4 2 2 . . . . 2 . . Power 1 | . . . . . . . 1 . . . . . . . Propulsion 4 | . . . . . 1 2 1 . . . . . . . Utility 5 | . . . . . 3 . . . . . . 2 . . Weapon . | . . . . . . . . . . . . . . . Parts Attached 155 | 7 7 8 3 . 43 30 28 2 2 4 5 5 . 11 Power 22 | 1 1 1 1 . 5 4 5 . . . . 2 . 2 Engine 7 | 1 1 1 . . 2 . 2 . . . . . . . Core 15 | . . . 1 . 3 4 3 . . . . 2 . 2 Reactor . | . . . . . . . . . . . . . . . Propulsion 41 | 2 . 3 . . 14 9 4 . 2 2 2 1 . 2 Treads . | . . . . . . . . . . . . . . . Leg 14 | 2 . 3 . . 9 . . . . . . . . . Wheel 1 | . . . . . 1 . . . . . . . . . Hover . | . . . . . . . . . . . . . . . Flight 26 | . . . . . 4 9 4 . 2 2 2 1 . 2 Utility 62 | 2 2 1 . . 15 14 15 2 . 1 3 2 . 5 Device 30 | 2 . 1 . . 7 5 9 1 . . 3 1 . 1 Storage 2 | . 1 . . . . . 1 . . . . . . . Processor 8 | . 1 . . . 3 1 1 1 . 1 . . . . Hackware 9 | . . . . . 1 3 2 . . . . 1 . 2 Protection 13 | . . . . . 4 5 2 . . . . . . 2 Artifact . | . . . . . . . . . . . . . . . Weapon 30 | 2 4 3 2 . 9 3 4 . . 1 . . . 2 Energy Gun . | . . . . . . . . . . . . . . . Energy Cannon . | . . . . . . . . . . . . . . . Ballistic Gun 8 | 2 2 1 . . 2 1 . . . . . . . . Ballistic Cannon . | . . . . . . . . . . . . . . . Launcher 9 | . 2 1 1 . 4 . 1 . . . . . . . Special Weapon . | . . . . . . . . . . . . . . . Impact Weapon 1 | . . . . . . 1 . . . . . . . . Slashing Weapon 7 | . . 1 . . 3 1 2 . . . . . . . Piercing Weapon 4 | . . . . . . . 1 . . 1 . . . 2 Special Melee Weapon 1 | . . . 1 . . . . . . . . . . . Unidentified Prototypes 4 | . . . . . 2 1 . . . . 1 . . . Parts Lost 21 | . . . . . 2 . 1 . 1 . 5 . . 12 Power 4 | . . . . . . . . . . . 2 . . 2 Propulsion 9 | . . . . . 1 . . . 1 . 3 . . 4 Utility 6 | . . . . . . . 1 . . . . . . 5 Weapon 2 | . . . . . 1 . . . . . . . . 1 Highest Loss Streak 7 | . . . . . 1 . 1 . 1 . 3 . . 7 To Critical Strikes . | . . . . . . . . . . . . . . . Average Slot Usage (%) 95 | . 100 100 100 100 99 96 93 93 93 93 88 70 88 90 Engine 5 | . 14 14 8 . 3 . 6 6 6 6 6 . . . Core 5 | . . . 5 14 5 7 6 6 6 6 5 5 11 10 Leg 12 | . 28 28 28 28 25 . . . . . . . . . Flight 19 | . . . . . . 38 40 40 40 40 35 29 29 28 Device 11 | . 15 10 14 14 11 4 10 19 20 18 13 11 17 11 Storage 7 | . 5 14 14 14 9 7 6 6 6 6 6 5 5 5 Processor 7 | . 6 3 . . 14 2 3 6 6 7 13 11 11 5 Hackware 6 | . . . . . 9 15 7 . . . . . 5 13 Protection 1 | . . . . . 1 6 3 . . . . . . 1 Ballistic Gun 3 | . 27 4 . . 5 . . . . . . . . . Launcher 2 | . . 11 8 . 2 . . . . . . . . . Slashing Weapon 6 | . . 11 14 14 9 7 3 6 6 5 . . . . Piercing Weapon 1 | . . . . . . . 2 . . 1 6 5 5 7 Naked Turns . | . . . . . . . . . . . . . . . Heaviest Build 44 | 11 20 22 22 20 29 25 41 40 40 40 39 42 42 44 Greatest Support 47 | 20 20 20 20 20 42 28 41 41 44 44 39 46 46 47 Greatest Overweight (x) 1 | . . 1 1 . . . . . . . . . . . Average Overweight (x) . | . . . . . . . . . . . . . . . Largest Inventory Capacity 15 | 5 10 10 10 10 10 10 15 15 15 15 15 15 15 15 Average Capacity 11 | 5 7 10 10 10 10 10 12 15 15 15 15 15 15 15 Most Carried 15 | 1 9 10 10 10 10 10 15 15 15 15 15 13 10 15 Average Carried 10 | . 4 9 9 10 9 9 10 14 14 15 13 11 10 13 Final Capacity 15 | 5 10 10 10 10 10 10 15 15 15 15 15 15 15 15 Final Carried 15 | 1 9 10 10 10 10 10 15 15 15 15 13 10 10 13 Class Distribution -------------------- 23% | Hacker-Sprinter 20% | Mutant 20% | Assassin 17% | Sprinter 9% | Scout 4% | Scavenger-Assassin Dominant Class ---------------- Mutant | -10/Materials Mutant | -10/Mines Mutant | -10/Exiles Assassin | -9/Mines Assassin | -8/Materials Hacker-Sprinter | -7/Factory Sprinter | -6/Factory Sprinter | -6/Lower Caves Sprinter | -6/Lower Caves Sprinter | -6/Data Miner Scout | -5/Proximity Caves Scout | -5/Factory Scout | -5/Waste Hacker-Sprinter | -5/Factory Resources | -11 -10 -10 -10 -9 -8 -7 -6 -6 -6 -6 -5 -5 -5 -5 ----------- Run | Jun Mat Min Exi Min Mat Fac Fac Low Low Dat Pro Fac Was Fac Matter Collected 2627 | 318 371 239 30 . 616 327 345 39 20 . 118 . . 204 Remotely . | . . . . . . . . . . . . . . . Salvage Created 3188 | 122 242 71 . . 982 414 566 . 63 . 218 . . 510 Parts 203 | 8 23 5 . . 70 23 31 . 3 . 4 . . 36 Haulers Intercepted 10 | . 1 . . . 3 2 2 . . . . . . 2 Recyclers Shooed 3 | 2 . . . . 1 . . . . . . . . . Parts Field Recycled . | . . . . . . . . . . . . . . . Retrieved Matter . | . . . . . . . . . . . . . . . Parts Self-Destructed 12 | . . . . . . . . 1 4 . 7 . . . Prevented . | . . . . . . . . . . . . . . . Kills | -11 -10 -10 -10 -9 -8 -7 -6 -6 -6 -6 -5 -5 -5 -5 ------- Run | Jun Mat Min Exi Min Mat Fac Fac Low Low Dat Pro Fac Was Fac Combat Hostiles Destroyed 51 | . 7 2 . . 20 4 11 . 1 . 2 . . 4 Melee 26 | . . . . . 10 4 5 . 1 . 2 . . 4 Guns 8 | . 4 2 . . 2 . . . . . . . . . AOE 17 | . 3 . . . 8 . 6 . . . . . . . Classes Destroyed 12 | 2 6 . . . 3 1 . . . . . . . . Worker 5 | . 1 . . . 4 . . . . . . . . . Builder 2 | . . . . . 2 . . . . . . . . . Tunneler 2 | 2 . . . . . . . . . . . . . . Hauler 10 | . 1 . . . 3 2 2 . . . . . . 2 Recycler 1 | 1 . . . . . . . . . . . . . . Mechanic 1 | . . . . . 1 . . . . . . . . . Operator 4 | . 1 . . . . 1 . . . . . . . 2 Watcher 12 | . 3 . . . 2 3 2 . . . . . . 2 Swarmer 21 | . 6 . . . 7 . 6 . . . 2 . . . Grunt 14 | . 1 2 . . 8 2 . . 1 . . . . . Sentry 9 | . . . . . 5 1 3 . . . . . . . Programmer 7 | . . . . . . 1 2 . . . . . . 4 Best Kill Streak 9 | 2 3 2 . . 9 1 4 . 1 . 2 . . 2 Combat Bots Only 4 | . 3 2 . . 4 1 4 . 1 . 2 . . 2 Max Kills in Single Turn 5 | 1 2 1 . . 5 1 2 . 1 . 1 . . 1 Gunslinging . | . . . . . . . . . . . . . . . Exploded 3 | . 1 . . . 3 . 2 . . . . . . . Melee 1 | . . . . . 1 1 1 . 1 . 1 . . 1 Uniques/NPCs Destroyed . | . . . . . . . . . . . . . . . Combat | -11 -10 -10 -10 -9 -8 -7 -6 -6 -6 -6 -5 -5 -5 -5 -------- Run | Jun Mat Min Exi Min Mat Fac Fac Low Low Dat Pro Fac Was Fac Damage Taken 3235 | . 254 133 . . 597 155 300 46 89 . 626 . . 1035 Core 826 | . 46 42 . . 102 46 79 11 38 . 208 . . 254 Absorbed by Shields 22 | . . . . . . . . . . . . . . 22 Redirected to Shielding 122 | . . . . . . 37 32 . . . . . . 53 Regen/Repaired (Parts) 99 | . . . . . 99 . . . . . . . . . Core Remaining (%) 79 | 100 . . . 64 81 93 . . . . 60 . . . Volleys Fired 90 | 8 41 6 . . 28 . 7 . . . . . . . Largest 2 | 2 2 2 . . 1 . 1 . . . . . . . Hottest 40 | 40 40 40 . . 33 . 30 . . . . . . . Shots Fired 138 | 16 76 11 . . 28 . 7 . . . . . . . Gun 112 | 16 70 10 . . 16 . . . . . . . . . Cannon . | . . . . . . . . . . . . . . . Launcher 26 | . 6 1 . . 12 . 7 . . . . . . . Special . | . . . . . . . . . . . . . . . Kinetic 112 | 16 70 10 . . 16 . . . . . . . . . Thermal . | . . . . . . . . . . . . . . . Explosive 26 | . 6 1 . . 12 . 7 . . . . . . . Electromagnetic . | . . . . . . . . . . . . . . . Robot Hit Streak 8 | 8 6 5 . . 5 . 4 . . . . . . . Robot Miss Streak 4 | 4 3 1 . . 3 . 1 . . . . . . . Penetration Max . | . . . . . . . . . . . . . . . Secondary Targets . | . . . . . . . . . . . . . . . Shots Hit Robots 178 | 10 43 8 . . 42 20 23 . 3 . 4 . . 25 Core Hits 120 | 4 20 6 . . 44 8 21 . 2 . 4 . . 11 Critical Kills . | . . . . . . . . . . . . . . . Critical Parts Destroyed 1 | . 1 . . . . . . . . . . . . . Critical Strikes 5 | . 1 . . . 1 . 1 . 1 . . . . 1 Destroy 1 | . 1 . . . . . . . . . . . . . Sever 3 | . . . . . 1 . 1 . 1 . . . . . Impale 1 | . . . . . . . . . . . . . . 1 Melee Attacks 260 | . . . . 2 71 61 31 . 3 . 19 . . 73 Impact 10 | . . . . . . 10 . . . . . . . . Slashing 137 | . . . . 2 71 51 10 . 3 . . . . . Piercing 113 | . . . . . . . 21 . . . 19 . . 73 Sneak Attacks 15 | . . . . . 4 6 3 . . . . . . 2 Combat Hostiles 3 | . . . . . . 2 1 . . . . . . . Follow-up Attacks 9 | . . . . . 1 2 . . . . . . . 6 Damage Inflicted 7502 | 129 855 119 . . 2126 1104 1602 . 145 . 250 . . 1172 Guns 989 | 129 554 103 . . 203 . . . . . . . . . Cannons . | . . . . . . . . . . . . . . . Explosions 1873 | . 301 16 . . 972 . 584 . . . . . . . Melee 4626 | . . . . . 937 1104 1018 . 145 . 250 . . 1172 Ramming 14 | . . . . . 14 . . . . . . . . . Kinetic 989 | 129 554 103 . . 203 . . . . . . . . . Thermal . | . . . . . . . . . . . . . . . Explosive 1873 | . 301 16 . . 972 . 584 . . . . . . . Electromagnetic . | . . . . . . . . . . . . . . . Impact 75 | . . . . . . 75 . . . . . . . . Slashing 2456 | . . . . . 937 1029 345 . 145 . . . . . Piercing 2095 | . . . . . . . 673 . . . 250 . . 1172 Highest Corruption 12 | . . . . . . 1 . . . . 12 . 5 10 Average Corruption 4 | . . . . . . 1 . . . . 12 . 5 5 Corruption Purged . | . . . . . . . . . . . . . . . Corruption Blocked . | . . . . . . . . . . . . . . . Effects 64 | . . . . . . 10 . . . . 19 . . 35 Message Errors 10 | . . . . . . 1 . . . . 3 . . 6 Matter Fused 20 | . . . . . . 5 . . . . 5 . . 10 Heat Flow Errors 6 | . . . . . . 1 . . . . 3 . . 2 Energy Discharges 11 | . . . . . . . . . . . 3 . . 8 Parts Fused 3 | . . . . . . . . . . . 1 . . 2 Data Loss (minor) 7 | . . . . . . 2 . . . . 2 . . 3 Data Loss (major) 6 | . . . . . . . . . . . 2 . . 4 Alerts 1 | . . . . . . 1 . . . . . . . . Overload Shots . | . . . . . . . . . . . . . . . Overflow Damage 364 | . 45 . . . 51 132 87 . . . . . . 49 Projectiles . | . . . . . . . . . . . . . . . Explosions 96 | . 45 . . . 8 . 43 . . . . . . . Melee 268 | . . . . . 43 132 44 . . . . . . 49 Knockbacks . | . . . . . . . . . . . . . . . Impact . | . . . . . . . . . . . . . . . Kinetic . | . . . . . . . . . . . . . . . Secondary . | . . . . . . . . . . . . . . . Self-Inflicted Damage 92 | . . 21 . . 71 . . . . . . . . . Shots 3 | . . 1 . . 2 . . . . . . . . . Rammed . | . . . . . . . . . . . . . . . Targets Rammed 4 | . . . . . 4 . . . . . . . . . Kicked 4 | . . . . . 4 . . . . . . . . . Crushed . | . . . . . . . . . . . . . . . Highest Temperature 235 | . 1 2 . . 10 235 218 . . . 183 . . 232 Average Temperature 43 | . 1 2 . . 1 32 68 . . . 36 . . 113 Received Heat Transfer 444 | . 54 42 . . 153 45 66 12 27 . 36 . . 9 Siege Activations . | . . . . . . . . . . . . . . . Robots Corrupted . | . . . . . . . . . . . . . . . Combat Hostiles . | . . . . . . . . . . . . . . . Parts Fried . | . . . . . . . . . . . . . . . Impact Corruptions 2 | . . . . . . 2 . . . . . . . . Robots Melted . | . . . . . . . . . . . . . . . Combat Hostiles . | . . . . . . . . . . . . . . . Parts Melted . | . . . . . . . . . . . . . . . Heat Transferred . | . . . . . . . . . . . . . . . Parts Sabotaged . | . . . . . . . . . . . . . . . Parts Stolen . | . . . . . . . . . . . . . . . Parts Stripped . | . . . . . . . . . . . . . . . Power Chain Reactions . | . . . . . . . . . . . . . . . Missiles Intercepted . | . . . . . . . . . . . . . . . Alert | -11 -10 -10 -10 -9 -8 -7 -6 -6 -6 -6 -5 -5 -5 -5 ------- Run | Jun Mat Min Exi Min Mat Fac Fac Low Low Dat Pro Fac Was Fac Peak Influence 437 | 15 178 128 . 2 400 220 437 . . . . 6 47 239 Initial 76 | . 9 69 . . . 76 46 . . . . 6 2 32 Average 93 | 5 63 38 . . 108 71 152 . . . . 6 18 122 Maximum Alert Level 2 | . . . . . 2 1 2 . . . . . . 1 Low Security (%) 86 | 100 100 100 . 100 78 97 67 . . . . 100 100 87 Level 1 12 | . . . . . 21 2 29 . . . . . . 12 Level 2 . | . . . . . . . 3 . . . . . . . Level 3 . | . . . . . . . . . . . . . . . Level 4 . | . . . . . . . . . . . . . . . Level 5 . | . . . . . . . . . . . . . . . High Security . | . . . . . . . . . . . . . . . Max Security . | . . . . . . . . . . . . . . . Squads Dispatched 30 | . 2 1 . . 2 11 4 . . . 1 . . 9 Investigation 15 | . . 1 . . . 8 1 . . . . . . 5 Extermination 5 | . . . . . . 1 1 . . . . . . 3 Reinforcement 9 | . 2 . . . 2 2 2 . . . . . . 1 Assault 1 | . . . . . . . . . . . 1 . . . Garrison . | . . . . . . . . . . . . . . . Intercept . | . . . . . . . . . . . . . . . Searches Triggered . | . . . . . . . . . . . . . . . Data Miner Redirects 1 | . . . . . . . . . . . . . . 1 Construction Impeded 1 | . . . . . 1 . . . . . . . . . Haulers Reinforced 3 | . . . . . . 2 1 . . . . . . . Active Scanning Responses . | . . . . . . . . . . . . . . . Cargo Convoy Interrupts . | . . . . . . . . . . . . . . . Stealth | -11 -10 -10 -10 -9 -8 -7 -6 -6 -6 -6 -5 -5 -5 -5 --------- Run | Jun Mat Min Exi Min Mat Fac Fac Low Low Dat Pro Fac Was Fac Distress Signals 11 | . 1 . . . 5 1 2 . . . . . . 2 Communications Jammed . | . . . . . . . . . . . . . . . Distress Signals . | . . . . . . . . . . . . . . . Times Spotted 174 | . 20 5 . . 29 13 20 10 21 . 24 . 4 28 Peak Tracking Total 13 | . 4 3 . . 3 5 5 8 11 . 13 . 4 8 Tactical Retreats 23 | . 1 . . . 1 2 2 2 6 . 2 . . 7 Traps | -11 -10 -10 -10 -9 -8 -7 -6 -6 -6 -6 -5 -5 -5 -5 ------- Run | Jun Mat Min Exi Min Mat Fac Fac Low Low Dat Pro Fac Was Fac Traps Triggered 7 | . . . . . . 2 1 . . . . 1 . 3 Indirectly . | . . . . . . . . . . . . . . . Trap Hack Attempts . | . . . . . . . . . . . . . . . Triggered . | . . . . . . . . . . . . . . . Disarmed . | . . . . . . . . . . . . . . . Reprogrammed . | . . . . . . . . . . . . . . . Reused 1 | . . . . . 1 . . . . . . . . . Traps Reconfigurated 13 | . . . . . 6 6 1 . . . . . . . Traps Extracted . | . . . . . . . . . . . . . . . Installed . | . . . . . . . . . . . . . . . Triggered 3 | . . . . . 1 . . 2 . . . . . . Machines | -11 -10 -10 -10 -9 -8 -7 -6 -6 -6 -6 -5 -5 -5 -5 ---------- Run | Jun Mat Min Exi Min Mat Fac Fac Low Low Dat Pro Fac Was Fac Machines Disabled 6 | . 2 . . . 2 . 2 . . . . . . . Max in Single Turn 1 | . 1 . . . 1 . 1 . . . . . . . Garrison Access 2 | . . . . . . 1 1 . . . . . . . Machines Repaired . | . . . . . . . . . . . . . . . Machines Sabotaged . | . . . . . . . . . . . . . . . Overloaded Fab Kills . | . . . . . . . . . . . . . . . Hacking | -11 -10 -10 -10 -9 -8 -7 -6 -6 -6 -6 -5 -5 -5 -5 --------- Run | Jun Mat Min Exi Min Mat Fac Fac Low Low Dat Pro Fac Was Fac Machines Accessed 66 | . 1 1 2 . 10 22 12 . 1 4 . 1 . 12 Terminals 36 | . 1 . . . 7 13 9 . . . . . . 6 Fabricators 9 | . . . . . . 5 2 . . . . . . 2 Repair Stations 2 | . . . . . 1 . . . . . . . . 1 Recycling Units 1 | . . . . . 1 . . . . . . . . . Scanalyzers 6 | . . . . . 1 2 . . . . . . . 3 Garrison Access 4 | . . . . . . 2 1 . . . . 1 . . Total Hacks 204 | . 2 1 2 . 22 74 33 . 3 29 . 1 . 37 Successful 136 | . 1 1 2 . 11 42 20 . 3 29 . . . 27 Failed 68 | . 1 . . . 11 32 13 . . . . 1 . 10 Catastrophic 11 | . . . . . 3 4 2 . . . . . . 2 Database Lockouts . | . . . . . . . . . . . . . . . Manual 70 | . 1 . 1 . 12 30 15 . . . . . . 11 Terminals 105 | . 2 . . . 15 43 26 . . . . . . 19 Fabricators 24 | . . . . . . 15 4 . . . . . . 5 Repair Stations 4 | . . . . . 2 . . . . . . . . 2 Recycling Units 1 | . . . . . 1 . . . . . . . . . Scanalyzers 25 | . . . . . 4 10 . . . . . . . 11 Garrison Access 10 | . . . . . . 6 3 . . . . 1 . . Terminal Hacks 70 | . . 1 2 . 3 15 11 . 3 29 . . . 6 Record 16 | . . . 1 . . 1 . . 3 11 . . . . Part Schematic 12 | . . . . . . 2 . . . 9 . . . 1 Robot Schematic 6 | . . . . . . . . . . 6 . . . . Robot Analysis 3 | . . . . . . 1 2 . . . . . . . Prototype ID Bank 7 | . . . . . . 3 1 . . 3 . . . . Open Door 1 | . . 1 . . . . . . . . . . . . Branch Access Points 3 | . . . . . . 1 1 . . . . . . 1 Terminal Index 3 | . . . . . . 1 1 . . . . . . 1 Alert Level 5 | . . . . . 1 2 1 . . . . . . 1 Unreport Threat 4 | . . . . . 1 1 2 . . . . . . . Security Status 1 | . . . . . . . 1 . . . . . . . Patrol Status 1 | . . . . . . 1 . . . . . . . . Recall Investigation 1 | . . . . . . 1 . . . . . . . . Hauler Manifests 2 | . . . . . . . 1 . . . . . . 1 Registered Components 4 | . . . . . 1 1 1 . . . . . . 1 EX-Prototype ID Bank 1 | . . . 1 . . . . . . . . . . . Fabricator Hacks 17 | . . . . . . 8 4 . . . . . . 5 Network Status 3 | . . . . . . 1 1 . . . . . . 1 Load Schematic 7 | . . . . . . 4 1 . . . . . . 2 Build 7 | . . . . . . 3 2 . . . . . . 2 Repair Station Hacks 4 | . . . . . 2 . . . . . . . . 2 Scan Component 2 | . . . . . 1 . . . . . . . . 1 Repair 2 | . . . . . 1 . . . . . . . . 1 Recycling Unit Hacks 1 | . . . . . 1 . . . . . . . . . Retrieve Components 1 | . . . . . 1 . . . . . . . . . Scanalyzer 23 | . . . . . 4 10 . . . . . . . 9 Insert Component 10 | . . . . . 2 4 . . . . . . . 4 Analyze 13 | . . . . . 2 6 . . . . . . . 5 Garrison Access Hacks 2 | . . . . . . 1 1 . . . . . . . Seal Access 2 | . . . . . . 1 1 . . . . . . . Unauthorized Hacks 19 | . 1 . . . 1 8 4 . . . . . . 5 Terminals 18 | . 1 . . . 1 7 4 . . . . . . 5 Assimilate 4 | . . . . . . 2 . . . . . . . 2 Botnet 13 | . 1 . . . 1 4 4 . . . . . . 3 Operators 1 | . . . . . . 1 . . . . . . . . Fabricators . | . . . . . . . . . . . . . . . Repair Stations . | . . . . . . . . . . . . . . . Recycling Units . | . . . . . . . . . . . . . . . Scanalyzers . | . . . . . . . . . . . . . . . Garrison Access 1 | . . . . . . 1 . . . . . . . . Watchers 1 | . . . . . . 1 . . . . . . . . Data Cores Recovered 2 | . . . . . . 1 . . . . . . . 1 Used 1 | . . . . . . 1 . . . . . . . . Hacking Detections 52 | . 1 . . . 9 19 11 . . . . 1 . 11 Full Trace Events 11 | . . . . . . 6 1 . . . . . . 4 Feedback Events 1 | . . . . . . 1 . . . . . . . . Corruption 1 | . . . . . . 1 . . . . . . . . Feedback Blocked . | . . . . . . . . . . . . . . . Robot Schematics Acquired 6 | . . . . . . . . . . 6 . . . . Robots Built . | . . . . . . . . . . . . . . . Authchips . | . . . . . . . . . . . . . . . Time . | . . . . . . . . . . . . . . . Total Robot Build Rating . | . . . . . . . . . . . . . . . Part Schematics Acquired 20 | . . . . . 2 6 . . . 9 . . . 3 Parts Built 10 | . . . . . . 5 2 . . . . . . 3 Authchips . | . . . . . . . . . . . . . . . Time 660 | . . . . . . 226 212 . . . . . . 222 Total Part Build Rating 50 | . . . . . . 20 12 . . . . . . 18 Parts Repaired 1 | . . . . . 1 . . . . . . . . . Time 94 | . . . . . 38 . . . . . . . . 56 Parts Recycled . | . . . . . . . . . . . . . . . Recycled Matter . | . . . . . . . . . . . . . . . Retrieved Matter . | . . . . . . . . . . . . . . . Retrieved Components 10 | . . . . . 10 . . . . . . . . . Parts Scanalyzed 10 | . . . . . 2 4 . . . . . . . 4 Part Schematics Acquired 8 | . . . . . 2 4 . . . . . . . 2 Parts Damaged . | . . . . . . . . . . . . . . . Bothacking | -11 -10 -10 -10 -9 -8 -7 -6 -6 -6 -6 -5 -5 -5 -5 ------------ Run | Jun Mat Min Exi Min Mat Fac Fac Low Low Dat Pro Fac Was Fac Used RIF Installer . | . . . . . . . . . . . . . . . Robots Hacked . | . . . . . . . . . . . . . . . Non-combat . | . . . . . . . . . . . . . . . Combat . | . . . . . . . . . . . . . . . Robot Hacks Applied . | . . . . . . . . . . . . . . . Relay Couplers Released . | . . . . . . . . . . . . . . . Fabnet Peak Effective % . | . . . . . . . . . . . . . . . Robots Rewired . | . . . . . . . . . . . . . . . Allies Hacked . | . . . . . . . . . . . . . . . Hacks Repelled . | . . . . . . . . . . . . . . . Allies | -11 -10 -10 -10 -9 -8 -7 -6 -6 -6 -6 -5 -5 -5 -5 -------- Run | Jun Mat Min Exi Min Mat Fac Fac Low Low Dat Pro Fac Was Fac Total Allies 8 | . . . . 3 . 2 . . . . 1 . 1 1 Largest Group 3 | . . . . 3 3 1 . . . . 1 . 1 1 Highest-Rated Group 96 | . . . . 40 40 26 . . . . 96 . 31 26 Highest-Rated Ally 96 | . . . . 16 16 26 . . . . 96 . 31 26 Total Orders 1 | . . . . . . 1 . . . . . . . . STAY 1 | . . . . . . 1 . . . . . . . . Ally Attacks 43 | . . . . . 29 . . . . . 7 . 7 . Total Damage 702 | . . . . . 368 . . . . . 190 . 144 . Kills 8 | . . . . . 6 . . . . . 2 . . . Allies Corrupted . | . . . . . . . . . . . . . . . Allies Melted . | . . . . . . . . . . . . . . . Intel | -11 -10 -10 -10 -9 -8 -7 -6 -6 -6 -6 -5 -5 -5 -5 ------- Run | Jun Mat Min Exi Min Mat Fac Fac Low Low Dat Pro Fac Was Fac Robot Analysis Total 3 | . . . . . . 1 2 . . . . . . . Derelict Logs Recovered 7 | . . 2 . 1 . . . 1 2 . 1 . . . Drone Launches . | . . . . . . . . . . . . . . . Drone Recoveries . | . . . . . . . . . . . . . . . Exploration | -11 -10 -10 -10 -9 -8 -7 -6 -6 -6 -6 -5 -5 -5 -5 ------------- Run | Jun Mat Min Exi Min Mat Fac Fac Low Low Dat Pro Fac Was Fac Turns Passed 11548 | 118 664 1236 365 79 2987 1456 1241 776 266 51 888 129 25 1267 Spaces Moved 13866 | 72 424 672 232 61 1324 3619 2545 825 666 106 771 159 86 2304 Core 4 | 4 . . . . . . . . . . . . . . Treads . | . . . . . . . . . . . . . . . Legs 2718 | 68 424 672 232 61 1261 . . . . . . . . . Wheels . | . . . . . . . . . . . . . . . Hover . | . . . . . . . . . . . . . . . Flight 11144 | . . . . . 63 3619 2545 825 666 106 771 159 86 2304 Fastest Speed 21 | 50 120 120 120 120 29 23 21 21 21 25 29 29 29 29 Average Speed 46 | 116 120 175 155 120 118 24 21 21 21 25 29 29 29 29 Slowest Speed 190 | 120 120 190 190 120 125 26 23 21 25 29 29 29 29 30 Overloaded Moves . | . . . . . . . . . . . . . . . Propulsion Burnouts . | . . . . . . . . . . . . . . . Robots Hopped 32 | . . . . . . 12 10 1 . . . . . 9 Cave-ins Triggered 1 | . . . . . . . . . . . 1 . . . Exploration Rate (%) 58 | 5 57 100 60 22 74 63 45 83 72 75 95 3 91 34 Regions Visited 14 Branch Regions 7 Pre-discovered Areas 5 | . . . 1 1 . . . . 1 1 1 . . . Known Exits Taken 2 | . . . . . 1 . 1 . . . . . . . Unknown Exits Taken 10 | 1 1 1 1 1 . 1 . 1 1 1 1 . . . Scrap Searched 15 | . . 1 . 1 . . . 3 7 . 3 . . . Spaces Dug 112 | . . . . 2 31 29 4 . . . 11 . . 35 Terrain Destroyed 231 | . 21 9 . 2 88 29 36 . . . 11 . . 35 Melee 112 | . . . . 2 31 29 4 . . . 11 . . 35 Projectile . | . . . . . . . . . . . . . . . AOE 119 | . 21 9 . . 57 . 32 . . . . . . . Terrain Rammed . | . . . . . . . . . . . . . . . Walls Destroyed . | . . . . . . . . . . . . . . . Machines Disabled . | . . . . . . . . . . . . . . . Actions | -11 -10 -10 -10 -9 -8 -7 -6 -6 -6 -6 -5 -5 -5 -5 --------- Run | Jun Mat Min Exi Min Mat Fac Fac Low Low Dat Pro Fac Was Fac Total 18387 | 87 503 724 237 63 2622 4107 3184 1427 782 127 1407 242 85 2790 Wait 3818 | . 17 23 1 1 1097 373 540 596 100 18 603 77 . 372 Move 13790 | 71 423 671 231 60 1323 3594 2524 822 665 105 770 159 85 2287 Hop 31 | . . . . . . 12 10 1 . . . . . 8 Pick Up 103 | 1 10 6 1 . 21 19 22 3 6 . 5 . . 9 Fast Attach 28 | 7 1 1 . . 7 4 5 . 1 . . 1 . 1 Attach 48 | . 1 1 1 . 13 7 9 2 1 . 2 4 . 7 Detach 20 | . 1 1 . . 6 3 4 2 . . . 1 . 2 Swap 79 | . 5 6 2 . 23 19 14 . . 4 3 . . 3 Drop 99 | . 4 9 1 . 32 22 18 1 6 . 5 . . 1 Fire 90 | 8 41 6 . . 28 . 7 . . . . . . . Melee 242 | . . . . 2 68 54 31 . 3 . 19 . . 65 Ram . | . . . . . . . . . . . . . . . Kick 4 | . . . . . 4 . . . . . . . . . Crush . | . . . . . . . . . . . . . . . Escape Stasis 35 | . . . . . . . . . . . . . . 35 Rewire . | . . . . . . . . . . . . . . . Trap . | . . . . . . . . . . . . . . . Miscellaneous . | . . . . . . . . . . . . . . . Route ------- -11/Junkyard -10/Materials (discovered 2 exits: [*Mat] / *Min) -10/Mines (discovered 3 exits: [*Mat x2] / *Exi) -10/Exiles -9/Mines -8/Materials (discovered 3 exits: *Fac x3) -7/Factory (discovered 4 exits: *Fac x2 / *Low x2) -6/Factory (discovered 3 exits: *Fac / *Low x2) -6/Lower Caves -6/Lower Caves -6/Data Miner -5/Proximity Caves -5/Factory -5/Waste -5/Factory (discovered 2 exits: *Upp x2) History --------- Turn | Location | Event 6 | -11/Junkyard | Discovered new exit (range 15) 119 | -11/Junkyard | Entered Materials 315 | -10/Materials | Build established: Mutant 417 | -10/Materials | Discovered new exit (range 16) 724 | -10/Materials | Discovered new exit (range 8) 783 | -10/Materials | Entered Mines 786 | -10/Mines | Met a Derelict bent on vengeance 926 | -10/Mines | Learned location of 1 exit from Materials 961 | -10/Mines | Met a Derelict shopkeep closing up shop 1550 | -10/Mines | Discovered new exit (range 12) 1755 | -10/Mines | Discovered new exit (range 3) 1811 | -10/Mines | Discovered new exit (range 13) 1846 | -10/Mines | Deemed a non-threat by the Exiles lab entrance 1909 | -10/Mines | Learned Materials stockpile data 1926 | -10/Mines | Received a Rocket Launcher from a helpful Derelict 2019 | -10/Mines | Entered Exiles 2067 | -10/Exiles | Met 8R-AWN 2097 | -10/Exiles | Met EX-HEX 2154 | -10/Exiles | Met EX-BIN 2177 | -10/Exiles | Aligned with FarCom system 2179 | -10/Exiles | Given EX-Vault access code 2223 | -10/Exiles | Opened EX-Vault 2244 | -10/Exiles | Found Trap Reconfigurator 2269 | -10/Exiles | Warned to stay clear of 0b10 Research branches 2310 | -10/Exiles | Learned location of Zion (-7) 2375 | -10/Exiles | Discovered new exit (range 10) 2384 | -10/Exiles | Left Exiles lab with Trap Reconfigurator 2384 | -10/Exiles | Entered Mines 2386 | -9/Mines | Assisted by bots powering up and referring to "LRC-V3" 2414 | -9/Mines | Assembled infested the area 2419 | -9/Mines | Assisted by a Guerilla fighting off Assembled 2440 | -9/Mines | Discovered new exit (range 13) 2463 | -9/Mines | Entered Materials 2463 | -8/Materials | Accompanied by 3 allies 2463 | -8/Materials | Evolved 4 slots: Propulsion x1, Utility x3 2464 | -8/Materials | Identified exit to Factory 2758 | -8/Materials | Build established: Scavenger-Assassin 2861 | -8/Materials | Discovered exit to Factory (range 13) 3631 | -8/Materials | Build established: Assassin 5028 | -8/Materials | Repaired Carbon-fiber Leg 5203 | -8/Materials | Discovered exit to Factory (range 6) 5450 | -8/Materials | Entered Factory 5450 | -7/Factory | Evolved 2 slots: Propulsion x2 5482 | -7/Factory | Discovered new exit (range 15) 5613 | -7/Factory | Discovered new exit (range 14) 5703 | -7/Factory | Build established: Hacker-Sprinter 5744 | -7/Factory | Identified exit to Lower Caves 5744 | -7/Factory | Discovered new exit (range 15) 6068 | -7/Factory | Fabricated Adv. Hacking Suite (x1) 6360 | -7/Factory | Fabricated Imp. Propulsion Shielding (x2) 6477 | -7/Factory | Discovered new exit (range 7) 6713 | -7/Factory | Fabricated Xenon Bombardment Thruster (x2) 6906 | -7/Factory | Entered another Factory area 6906 | -6/Factory | Evolved 2 slots: Power x1, Propulsion x1 7333 | -6/Factory | Assembled infested ambush trap array 7475 | -6/Factory | Build established: Sprinter 7550 | -6/Factory | Fabricated Adv. Hacking Suite (x1) 7557 | -6/Factory | Discovered new exit (range 7) 7575 | -6/Factory | Identified exit to Lower Caves 7761 | -6/Factory | Fabricated Adv. Hacking Suite? 8087 | -6/Factory | Discovered new exit (range 4) 8147 | -6/Factory | Entered Lower Caves 8253 | -6/Lower Caves | Encountered a Warlord checkpoint 8343 | -6/Lower Caves | Spotted B-75 Beast 8917 | -6/Lower Caves | Discovered new exit (range 16) 8923 | -6/Lower Caves | Entered another Lower Caves area 9071 | -6/Lower Caves | Encountered a Warlord checkpoint 9163 | -6/Lower Caves | Discovered new exit (range 5) 9189 | -6/Lower Caves | Entered Data Miner 9189 | -6/Data Miner | Discovered new exit (range 6) 9194 | -6/Data Miner | Met Data Miner 9204 | -6/Data Miner | Learned location of Section 7 (-2) 9204 | -6/Data Miner | Acquired the access code to Warlord's prototype stash 9209 | -6/Data Miner | Received God Mode back door access code from Data Miner 9240 | -6/Data Miner | Entered Proximity Caves 9544 | -5/Proximity Caves | Build established: Scout 9550 | -5/Proximity Caves | Crushed by falling debris 9550 | -5/Proximity Caves | System corruption reached 10% 9581 | -5/Proximity Caves | Lost 3 parts (3n) 10079 | -5/Proximity Caves | Attracted the attention of an 0b10 checkpoint 10099 | -5/Proximity Caves | Attracted the attention of an 0b10 outpost 10113 | -5/Proximity Caves | Ambushed by research squad 10127 | -5/Proximity Caves | Discovered new exit (range 7) 10128 | -5/Proximity Caves | Entered Factory 10128 | -5/Factory | Evolved 2 slots: Utility x2 10257 | -5/Factory | Sucked down chute 10257 | -5/Factory | Entered Waste 10258 | -5/Waste | Met a frightened Derelict 10260 | -5/Waste | Spotted C-40 Crusher 10266 | -5/Waste | Spotted C-40 Crusher 10266 | -5/Waste | Spotted C-40 Crusher 10267 | -5/Waste | Spotted C-40 Crusher 10269 | -5/Waste | Spotted C-40 Crusher 10272 | -5/Waste | EMP discharged 10278 | -5/Waste | Spotted C-40 Crusher 10278 | -5/Waste | Discovered new exit (range 11) 10282 | -5/Waste | Entered Factory 10390 | -5/Factory | Discovered new exit (range 7) 10571 | -5/Factory | Incoming investigation squad redirected 10606 | -5/Factory | Fabricated Field Propulsion Drive? 10701 | -5/Factory | Fabricated Kinetic Spear? 10815 | -5/Factory | Build established: Hacker-Sprinter 10837 | -5/Factory | Spotted B-75 Beast 11184 | -5/Factory | Identified exit to Upper Caves 11423 | -5/Factory | System corruption reached 10% 11549 | -5/Factory | Self-destructed Last Messages --------------- 11499_ System corrupted: Energy discharge (-42). 11517_ System corrupted: Propulsion Shielding fused. 11531_ W-25 Informer sends out distress signal. 11532_ ALERT: Rogue bot located, Programmers report to Factory Zone 3V. 11535_ System corrupted: Matter fused (-5). 11535_ Slug penetrates Repair Station. 11535_ Adv. Weight Redist. System destroyed. 11535_ Slug penetrates Repair Station. 11535_ Propulsion Shielding destroyed. 11535_ Mak. Flight Unit destroyed. 11539_ Slug penetrates Repair Station. 11542_ Repair Station disabled. 11543_ Penetrated by Slug. 11543_ Imp. Cooling System destroyed. 11545_ Mic. Fission Core destroyed. 11545_ Penetrated by Slug. 11545_ Mak. Hacking Suite destroyed. 11547_ Penetrated by Slug. 11548_ Field Propulsion Drive destroyed. 11548_ Penetrated by Slug. Map ----- +----------------------------------------------------+ | #########""" "" ##################### #?????????? | | ???####?# #??#????????????????###?????????? | | ???#?##?#= ##??????????????????????????????? | | ????#???# #???????????????????????????????? | | ##?#???## ########???????????????????????????????? | | ??????#####??????#???????????????????????????????? | | ######## ##?#????????????????????????????????????? | | !##??##???????????????????????????????????? | | """ !!#?#??#?#?????????????????????????????????? | | """ #?#????#?????????????????????????????????? | | """ ^ #????????#???????????????????????????????? | | #????????????????????????????????????????? | | ^ ##?##???????#????????????????????????????? | | = #????????#???????????????????????????????? | | #???????#????####????????????????????????? | | ###+##################T #######+#########????????? | | ???????? | | ???????? | | ?????????? | | """???????????? | | """???????????? | | ######### ###+##### """???????????? | | ?##????## # #????????????????????? | | ?#??????# # h""" #????????????????????? | | ######### # w R" #????????????????????? | | #!h @ #????????????????????? | | ######### # #????????????????????? | | ??#?????# # [#????????????????????? | | ????????##### ######## #????????????????????? | | ????????????# ######## #????????????????????? | | ????????????# ## # """" #????????????????????? | | ????????????# ## ! ""# """" #????????????????????? | | ????????????# ## ""# """" #????????????????????? | | ???????????## ## T"# """" #????????????????????? | | ???????????#* # ""# #????????????????????? | | ???????????# > + ""########????????????????????? | | ???????????# # #???????????????????????????? | | ????????#####+########???????????????????????????? | | ????????# #??????????????????????????????? | | ????????# #??????????????????????????????? | | ????????# #??????????????????????????????? | | ????????# #??????????????????????????????? | | ????????###########??????????????????????????????? | | ?????????????????????????????????????????????????? | | ?????????????????????????????????????????????????? | | ?????????????????????????????????????????????????? | | ?????????????????????????????????????????????????? | | ?????????????????????????????????????????????????? | | ?????????????????????????????????????????????????? | | ?????????????????????????????????????????????????? | +----------------------------------------------------+ Best States ------------- Heat Dissipation 67 Energy Generation 28 Energy Capacity 490 Matter Stores 300 Matter Capacity 300 Sight Range 22 Terrain Scan Range 20 Terrain Scan Density 210 Cloak Strength 3 Additional Mass Support 9 Armor Coverage 150 Propulsion Shielding 66 Evasion (%) 75 Targeting Accuracy 6 Melee Accuracy 6 Offensive Hacking 28 Defensive Hacking 11 Item Schematics ----------------- Cesium-ion Thruster | -8/Materials | Scanalyzed Adv. Terrain Scan Processor | -8/Materials | Scanalyzed Cld. Aerolev Unit | -7/Factory | Hacked Adv. Hacking Suite | -7/Factory | Hacked Imp. VTOL Module | -7/Factory | Scanalyzed Mic. Nuclear Core | -7/Factory | Scanalyzed Imp. Propulsion Shielding | -7/Factory | Scanalyzed Xenon Bombardment Thruster | -7/Factory | Scanalyzed Combat Drone Bay | -6/Data Miner | Free Lgt. Regenerative Plating | -6/Data Miner | Free Enh. Armored Leg | -6/Data Miner | Free Imp. Thermal Defense Suite | -6/Data Miner | Free Kinetic Spear | -6/Data Miner | Free Myomer Leg | -6/Data Miner | Free Adv. Particle Charger | -6/Data Miner | Free Matter Neutralizer | -6/Data Miner | Free Biometal Medium Treads | -6/Data Miner | Free Field Propulsion Drive | -5/Factory | Scanalyzed Adv. System Shield | -5/Factory | Scanalyzed Linear Accelerator | -5/Factory | Hacked Robot Schematics ------------------ B-60 Warrior | -6/Data Miner | Free L-41 Fighter | -6/Data Miner | Free A-15 Conveyor | -6/Data Miner | Free G-50 Soldier | -6/Data Miner | Free O-32 Director | -6/Data Miner | Free M-22 Extractor | -6/Data Miner | Free Fabricated ------------ Adv. Hacking Suite | x1 | -7/Factory Imp. Propulsion Shielding | x2 | -7/Factory Xenon Bombardment Thruster | x2 | -7/Factory Adv. Hacking Suite | x1 | -6/Factory | Preloaded Adv. Hacking Suite | x1 | -6/Factory Field Propulsion Drive | x2 | -5/Factory Kinetic Spear | x1 | -5/Factory Alien Tech Used ----------------- None Achievements -------------- Can't Catch Me Dodgeball, But With Guns Production Line Challenges ------------ None Game ------ Seed SpacefoldHeatScythe Manual? 0 Play Time 04:33:10 Cumulative 115.2 hours Start 2023.09.27 @ 12:34:56 End 2023.09.27 @ 17:57:06 Sessions 1 Manual Loads 0 Difficulty Rogue Special Mode None Game No. 112 Rogue 112 Adventurer 0 Explorer 0 Win Type - Total 0 Types 0/0/0/0/0/0/0/0/0 Lore% 38 Gallery% 41 Achievement% 32 Wizard Run 0 Options --------- ASCII 1 Keyboard 1 Movement Numpad Keybinds 0 Fullscreen 1 Font 18/SmallcapsGlow Map View 76x50 Tactical HUD 1 Map Filters NONE Filters NONE Steam 1 RUN: 907cdbb3-d47a-43ed-bfe1-5c30031831d4